 Dungeon Crawl Stone Soup version 0.27.0-1-g7a089689b8 (webtiles) character file.

Game seed: 17466298861625444708

40 shoop the Magician (level 3, -2/28 HPs)
             Began as a Djinni Wanderer on Aug 1, 2021.
             Slain by a gnoll (7 damage)
             ... on level 2 of the Dungeon on Aug 2, 2021.
             The game lasted 00:02:51 (1838 turns).

shoop the Magician (Djinni Wanderer)                Turns: 1838, Time: 00:02:51

Health: -2/28      AC:  2    Str: 11    XL:     3   Next: 72%
Gold:   9          EV: 11    Int: 11    God:
                   SH:  0    Dex: 15

rFire    + + .     SeeInvis .   d - +0 trident
rCold    x . .     Faith    .   (no shield)
rNeg     . . .     Spirit   .   c - +0 robe rPois āˆž Reflect .
                                (no helmet)
rElec    .         Harm     .   (no cloak)
rCorr    .         Rampage  .   (no gloves)
Will     .....                  (boots unavailable)
Stlth    ++........             (no amulet)
HPRegen  0.09/turn              (no ring)
MPRegen  0.00/turn              (no ring)

@: flying, very slightly contaminated
A: sickness immunity, fire resistance 2, cold vulnerability 1, float, innate
caster, hp casting, extra vitality 1
a: no special abilities


You were on level 2 of the Dungeon.
You visited 1 branch of the dungeon, and saw 2 of its levels.

You collected 9 gold pieces.

Inventory:

Hand Weapons
 a - a +0 spear
 d - a +0 trident (weapon)
Armour
 c - a +0 robe (worn)
Scrolls
 g - a scroll of identify {unknown}
 h - a scroll of fog {unknown}
 i - 2 scrolls of noise {unknown}
Potions
 b - a potion of curing
 e - a potion of brilliance {unknown}
 f - a potion of magic {unknown}


   Skills:
 - Level 2.0 Fighting
 - Level 3.0 Armour
 - Level 1.0 Dodging
 + Level 0.8 Stealth
 - Level 1.0 Shields
 + Level 3.2 Spellcasting
 - Level 1.0 Evocations


You couldn't memorise any spells.
You knew the following spells:

 Your Spells              Type           Power      Damage    Failure   Level
a - Shock                 Conj/Air       32%        1d5       7%          1
b - Blink                 Tloc           N/A        N/A       11%         2
c - Call Imp              Summ           8%         N/A       11%         2
d - Slow                  Hex            8%         N/A       11%         2
e - Conjure Flame         Conj/Fire      8%         6-21      21%         3
f - Mephitic Cloud        Conj/Pois/Air  8%         N/A       21%         3
g - Magic Dart            Conj           32%        1d4       7%          1

Your spell library contained the following spells:

 Spells                   Type           Power      Damage    Failure   Level


Dungeon Overview and Level Annotations

Branches:
Dungeon (2/15)

Altars:
Qazlal


Innate Abilities, Weirdness & Mutations

You are immune to sickness and miasma.
You are immune to poison.
Your flesh is very heat resistant. (rF++)
You are vulnerable to cold. (rC-)
You float through the air rather than walking.
You learn spells naturally, not from books.
Your magical power is your life essence.
You have superior vitality. (+4 HP)


Message History

* * * LOW HITPOINT WARNING * * *
Casting: Shock (safe; 7% risk of failure)
Confirm with . or Enter, or press ? or * to list all spells.
Aiming: Shock (safe; 7% risk of failure)
Press: ? - help, Shift-Dir - straight line, f/p - gnoll
Aim: a gnoll, wielding a +0 flail (moderately wounded, 72% to hit)
The zap hits the gnoll.
You kill the gnoll!
The zap hits the gnoll.
The gnoll is severely wounded.
* * * LOW HITPOINT WARNING * * *
Training target 1.0 for Dodging reached!
Your Dodging skill increases to level 1!
Casting: Shock (safe; 7% risk of failure)
Confirm with . or Enter, or press ? or * to list all spells.
Okay, then.
Casting: Shock (safe; 7% risk of failure)
Confirm with . or Enter, or press ? or * to list all spells.
The spell is quite dangerous to cast (21% risk of failure)!
Continue anyway?
Okay, then.
Casting: Mephitic Cloud (quite dangerous; 21% risk of failure)
Confirm with . or Enter, or press ? or * to list all spells.
The spell is quite dangerous to cast (21% risk of failure)!
Continue anyway?
Aiming: Mephitic Cloud (quite dangerous; 21% risk of failure)
Press: ? - help, Shift-Dir - straight line, f/p - gnoll
Aim: a gnoll, wielding a +0 flail (severely wounded, chance to affect: 91%)
The ball explodes into a vile cloud!
The stinking cloud engulfs the gnoll but does no damage.
The gnoll is severely wounded.
The stinking cloud engulfs the hobgoblin but does no damage.
The stinking cloud engulfs you but does no damage.
* * * LOW HITPOINT WARNING * * *
The gnoll is engulfed in noxious fumes.
The gnoll appears confused.
Unknown command.
You strike the helpless gnoll from behind!
You hit the gnoll but do no damage.
The gnoll is severely wounded.
The gnoll is engulfed in noxious fumes.
The gnoll appears confused.
The gnoll hits you with a +0 flail!
You die...

.....<..#
........#
........#
........#
........#
........#
...g..gā—‹#
#######g#
#@#
........#
#####.###
... .#. #
#. #


You could see a gnoll (confused) and a hobgoblin.

Vanquished Creatures
  A gnoll (D:2)
  A dart slug (D:1)
  5 endoplasms (D:1)
  A giant cockroach (D:1)
  2 goblins (D:1)
  2 hobgoblins (D:1)
  5 kobolds (D:1)
  A quokka (D:1)
  A ball python (D:1)
  A bat (D:1)
  2 frilled lizards (D:1)
  6 rats (D:1)
28 creatures vanquished.

Notes
Turn   | Place    | Note
-------+----------+-------------------------------------------
     0 | D:1      | shoop the Djinni Wanderer began the quest for the Orb.
     0 | D:1      | Reached XP level 1. HP: 18/18 MP: 0/0
   138 | D:1      | Reached XP level 2. HP: 13/23 MP: 0/0
  1002 | D:1      | Reached XP level 3. HP: 24/28 MP: 0/0
  1002 | D:1      | Learned a level 1 spell: Shock
  1110 | D:1      | Found a faded altar of an unknown god.
  1128 | D:1      | Became a worshipper of Qazlal Stormbringer
  1128 | D:1      | Reached * piety under Qazlal
  1129 | D:1      | Fell from the grace of Qazlal
  1837 | D:2      | Reached skill level 1 in Dodging
  1838 | D:2      | Slain by a gnoll

Illustrated notes

Levels and vault maps discovered:
D:1:      roderic_crossed_star, layout_basic,
          hellmonk_ecumenical_altar_arch_garden, minmay_misc_feat_roman,
          st_stairs_1
D:2:      minmay_evil_eye, layout_basic, grunt_decor_one_mirror,
          minmay_misc_feat_more_columns

Skill      XL: |  1  2  3 |
---------------+----------+-----
Spellcasting   | 3 |  3.2
Dodging        | 1 |  1.0
Fighting       | |  2.0
Armour         | |  3.0
Stealth        | |  0.8
Shields        | |  1.0
Evocations     | |  1.0

Action                   || total
-------------------------++-------
Melee: Spear             ||     6
       Trident           ||    35
 Cast: Magic Dart        ||    33
       Shock             ||    21
       Mephitic Cloud    ||     2
Invok: Renounce Religion ||     1
 Stab: Confused          ||     1
Armor: Robe              ||     5
Dodge: Dodged            ||    24
